 Dungeon Crawl Stone Soup version 0.30-a0-696-g2367cd04db (webtiles) character file.

Game seed: 13481564109652517736

14467 wormed the Scholar of Death (level 11, -3/83 HPs)
             Began as a Demonspawn Necromancer on Jan 20, 2023.
             Was a Follower of Kikubaaqudgha.
             Slain by a six-headed hydra (9 damage)
             ... on level 2 of the Lair of Beasts.
             The game lasted 00:27:29 (12370 turns).

wormed the Scholar of Death (DsNe)                 Turns: 12370, Time: 00:27:30

Health: -3/83      AC: 10    Str:  8    XL:     11   Next: 89%
Magic:  0/25       EV: 15    Int: 25    God:    Kikubaaqudgha [*.....]
Gold:   1616       SH:  0    Dex: 19    Spells: 21/30 levels left

rFire   . . .      SeeInvis .    b - +3 short sword (flame)
rCold   . . .      Faith    .    (no shield)
rNeg    . . .      Spirit   +    v - +1 leather armour {rPois}
rPois   +          Reflect  .    E - +0 hat {Int+3}
rElec   .          Harm     .    (no cloak)
rCorr   +          Rampage  .    o - +2 pair of gloves
Will    +....                    (no boots)
Stlth   ++                       (no amulet)
HPRegen 0.33/turn                y - ring of Buveox {rCorr Dex+6}
MPRegen 0.38/turn                C - ring of willpower

@: studying Short Blades
A: slimy green scales 2, ignite blood 1, magic shield, magic regeneration,
weakness stinger 2
a: Renounce Religion, Unearth Wretches


You were on level 2 of the Lair of Beasts.
You worshipped Kikubaaqudgha.
Kikubaaqudgha was aware of your devotion.
You visited 3 branches of the dungeon, and saw 13 of its levels.

You collected 1616 gold pieces.

Inventory:

Hand Weapons
 b - a +3 short sword of flaming (weapon)
Armour
 o - a +2 pair of gloves (worn)
 v - a +1 leather armour of poison resistance (worn)
 E - a +0 hat of intelligence (worn)
Jewellery
 w - a +6 ring of dexterity
 y - the ring of Buveox (left hand) {rCorr Dex+6}
   (You found it on level 8 of the Dungeon)

   [ring of dexterity]

   Dex:       It affects your dexterity (+6).
   rCorr:     It protects you from acid and corrosion.
 z - the amulet of Dociupor {RegenMP Harm rElec rC-}
   (You found it on level 7 of the Dungeon)

   [amulet of magic regeneration]

   It increases your rate of magic regeneration.
   rC:        It makes you vulnerable to cold.
   rElec:     It insulates you from electricity.
   Harm:      It increases damage dealt and taken.
 C - a ring of willpower (right hand)
 I - an amulet of the acrobat
Wands
 j - a wand of mindburst (17)
 l - a wand of charming (4)
 B - a wand of flame (26)
 F - a wand of quicksilver (4)
 G - a wand of iceblast (2) (quivered)
Scrolls
 e - 3 scrolls of amnesia
 m - 2 scrolls of magic mapping
 n - a scroll of poison
 r - 2 scrolls of enchant weapon
 s - 5 scrolls of teleportation
 u - a scroll of torment
 A - 2 scrolls of enchant armour
 D - a scroll of brand weapon
 H - a scroll of identify
Potions
 a - 2 potions of attraction
 c - 4 potions of brilliance
 d - 2 potions of haste {unknown}
 f - a potion of invisibility {unknown}
 g - a potion of lignification {unknown}
 h - a potion of flight {unknown}
 k - 2 potions of cancellation {unknown}
 p - 2 potions of ambrosia {unknown}
 q - 5 potions of curing {unknown}
 t - 4 potions of heal wounds {unknown}
 x - a potion of might {unknown}


   Skills:
 + Level 6.4 Fighting
 + Level 6.2 Dodging
 - Level 1.7 Stealth
 - Level 10.0 Spellcasting
 - Level 10.0 Necromancy
 - Level 10.0 Earth Magic


You had 21 spell levels left.
You knew the following spells:

 Your Spells              Type           Power      Damage    Failure   Level
a - Necrotise             Necr           100%       1d9       1%          1
b - Vampiric Draining     Necr           58%        2d10      1%          3
c - Borgnjor's Vile Clut  Necr/Erth      29%        N/A       3%          5

Your spell library contained the following spells:

 Spells                   Type           Power      Damage    Failure   Level
 Kiss of Death            Conj/Necr      100%       2d13      1%          1
 Sublimation of Blood     Necr           58%        N/A       1%          2
 Animate Dead             Necr           58%        N/A       1%          4
 Cigotuvi's Dreadful Rot  Necr/Pois/Air  58%        N/A       2%          2
 Agony                    Necr           58%        N/A       3%          5
 Foxfire                  Conj/Fire      48%        2x1d6     7%          1
 Static Discharge         Conj/Air       24%        2-3/arc   11%         2
 Wereblood                Tmut           12%        N/A       11%         2
 Inner Flame              Hex/Fire       12%        N/A       22%         3
 Summon Guardian Golem    Hex/Summ       12%        N/A       22%         3
 Vhi's Electric Charge    Tloc/Air       24%        N/A       22%         3
 Flame Wave               Conj/Fire      12%        2d6       56%         4
 Sticky Flame             Conj/Fire      12%        2d4       56%         4
 Alistair's Intoxication  Tmut/Pois      8%         N/A       89%         5
 Arcjolt                  Conj/Air       6%         1d16      89%         5
 Fireball                 Conj/Fire      6%         3d5       89%         5
 Lightning Bolt           Conj/Air       6%         1d18      89%         5
 Eringya's Noxious Bog    Tmut/Pois      6%         N/A       100%        6
 Starburst                Conj/Fire      6%         6d4       100%        6
 Haunt                    Necr/Summ      18%        N/A       100%        7
 Orb of Destruction       Conj           6%         9d6       100%        7
 Spellforged Servitor     Conj/Summ      6%         N/A       100%        7
 Summon Hydra             Summ           6%         N/A       100%        7
 Infestation              Necr           29%        N/A       100%        8


Dungeon Overview and Level Annotations

Branches:
Dungeon (9/15)             Temple (1/1) D:7            Lair (3/5) D:8
  Swamp (0/4) Lair:3
  Snake: Lair:2-3    Spider: Lair:2-3       Orc: D:9-12

Altars:
Ashenzari
Cheibriados
Dithmenos
Fedhas
Gozag
Hepliaklqana
Kikubaaqudgha
Nemelex Xobeh
Okawaru
Qazlal
Ru
Sif Muna
Trog
Uskayaw
Vehumet
Wu Jian
Xom
Yredelemnul

Annotations:
D:5 Dowan, Grinder


Innate Abilities, Weirdness & Mutations

You are mostly covered in slimy green scales. (AC +3)
Your demonic aura sometimes causes spilled blood to erupt in flames.
When hurt, damage is shared between your health and your magic reserves.
You regenerate magic rapidly.
You have a tail ending in a sharp stinger.


Message History

Unknown command.
Casting: Borgnjor's Vile Clutch (dangerous; 3% risk of failure)
Confirm with . or Enter, or press ? or * to list all spells.
Aiming: Borgnjor's Vile Clutch (dangerous; 3% risk of failure)
Press: ? - help, Shift-Dir - straight line, f - dream sheep
Aim: a dream sheep (100% to hit)
Zombie hands grab the six-headed hydra.
Zombie hands grab the dream sheep.
The zombie hands constrict the six-headed hydra.
The zombie hands constrict the dream sheep!
The dream sheep struggles to escape constriction.
The six-headed hydra bites you! The six-headed hydra bites you.
The six-headed hydra closely misses you.
The six-headed hydra misses you. The six-headed hydra barely misses you.
The six-headed hydra bites you.
The zombie hands release their grip on the six-headed hydra.
The zombie hands release their grip on the dream sheep.
The six-headed hydra bites you!
* * * LOW HITPOINT WARNING * * *
The six-headed hydra bites you.
* * * LOW HITPOINT WARNING * * *
The six-headed hydra bites you!
* * * LOW HITPOINT WARNING * * *
The six-headed hydra bites you but does no damage. x2
The six-headed hydra closely misses you.
You climb upwards.
There is a stone staircase leading down, spattered with blood here.
Aiming: Charm
Press: ? - help, Q - select action, (/) - cycle Shift-Dir - straight line, f - six-headed hydra
Aim: a six-headed hydra (lightly wounded, chance to affect: 17%)
Okay, then.
Aiming: Iceblast
Press: ? - help, Q - select action, (/) - cycle Shift-Dir - straight line The mass of ice explodes!
The iceblast engulfs the six-headed hydra!
The six-headed hydra is lightly wounded.
The six-headed hydra bites you.
* * * LOW HITPOINT WARNING * * *
The six-headed hydra bites you!
You die...
Kikubaaqudgha rasps: "You have failed me!
Welcome... death!"

..................#
..................#
.................##
..................#
.#..#.##.#.<......#
##########.......##
# #........# #
##.......# #
#.......@# #
#......D.## ##
##P........# .#
#..........# ##
###.......## .#
#.......# ##
#.......# #
#.......# ##
#.......#


You could see a six-headed hydra.

Vanquished Creatures
  Gastronok (Lair:1)
  A hydra (Lair:3)
  2 two-headed ogres (D:8)
  2 cyclopes (D:8)
  5 black mambas (Lair:2)
  7 cane toads
  3 komodo dragons
  A troll (D:9)
  A hornet (D:7)
  Prince Ribbit (D:5)
  10 blink frogs
  2 basilisks
  A yak (Lair:3)
  7 water moccasins
  Duvessa (D:5)
  3 orc warriors
  A sky beast (D:7)
  An ice beast (D:6)
  2 ogres
  2 black bears (D:6)
  A centaur (D:5)
  4 wolves (Lair:1)
  Blork the orc (D:5)
  9 bullfrogs
  A necrophage (D:5)
  3 scorpions
  3 wights (D:8)
  2 howler monkeys (D:7)
  3 jellies
  4 orc priests
  A hound (D:4)
  3 iguanas
  5 orc wizards
  3 adders
  A white imp (D:8)
  An ufetubus (D:4)
  2 worms
  23 orcs
  6 endoplasms
  A giant cockroach (D:3)
  6 goblins
  5 hobgoblins
  3 jackals (D:3)
  2 quokkas
  5 ball pythons
  4 bats
  2 frilled lizards
  7 kobolds
  3 rats
168 creatures vanquished.

Vanquished Creatures (collateral kills)
  A goblin (D:1)
1 creature vanquished.

Vanquished Creatures (others)
  A dart slug (D:5)
  6 fungi
  7 plants
14 creatures vanquished.

Grand Total: 183 creatures vanquished

Notes
Turn   | Place    | Note
-------+----------+-------------------------------------------
     0 | D:1      | wormed the Demonspawn Necromancer began the quest for the
                  | Orb.
     0 | D:1      | Reached XP level 1. HP: 13/13 MP: 3/3
   314 | D:1      | Gained mutation: You have a small tail. [demonic ancestry]
   314 | D:1      | Reached XP level 2. HP: 13/19 MP: 0/5
   917 | D:2      | Reached skill level 5 in Necromancy
   917 | D:2      | Gained mutation: You are partially covered in slimy green
                  | scales. (AC +2) [demonic ancestry]
   917 | D:2      | Reached XP level 3. HP: 24/24 MP: 4/7
   964 | D:2      | Identified the +6 scale mail "Awopta" {Fly}
  1403 | D:2      | Learned a level 3 spell: Vampiric Draining
  1683 | D:2      | You fall into a shaft and drop 1 floor!
  1738 | D:3      | Found a sacrificial altar of Ru.
  2007 | D:3      | Gained mutation: Your demonic aura sometimes causes spilled
                  | blood to erupt in flames. [demonic ancestry]
  2007 | D:3      | Reached XP level 4. HP: 26/30 MP: 8/8
  2338 | D:3      | Identified a scroll of acquirement
  2459 | D:3      | Acquired 1057 gold pieces
  2967 | D:5      | Entered Level 5 of the Dungeon
  2985 | D:5      | Reached skill level 1 in Earth Magic
  2985 | D:5      | Gained mutation: You regenerate magic rapidly. [demonic
                  | ancestry]
  2985 | D:5      | Reached XP level 5. HP: 8/35 MP: 2/10
  3134 | D:5      | Noticed Duvessa
  3134 | D:5      | Noticed Dowan
  3345 | D:5      | Killed Duvessa
  3444 | D:5      | Noticed Blork the orc
  3524 | D:5      | Noticed a centaur
  3535 | D:5      | Killed a centaur
  3536 | D:5      | Gained mutation: When hurt, damage is shared between your
                  | health and your magic reserves. [demonic ancestry]
  3536 | D:5      | Reached XP level 6. HP: 39/41 MP: 3/12
  3968 | D:5      | Killed Blork the orc
  3994 | D:5      | Noticed Grinder
  4175 | D:5      | Noticed Prince Ribbit
  4364 | D:5      | Killed Prince Ribbit
  4365 | D:5      | Reached skill level 5 in Spellcasting
  4365 | D:5      | Reached XP level 7. HP: 46/46 MP: 2/14
  4478 | D:5      | Found an ancient bone altar of Kikubaaqudgha.
  4747 | D:5      | Paralysed by Grinder for 5 turns
  5035 | D:6      | Gained mutation: You have a tail ending in a sharp stinger.
                  | [demonic ancestry]
  5035 | D:6      | Reached XP level 8. HP: 52/52 MP: 3/16
  5358 | D:6      | Found a hide-covered altar of Uskayaw.
  5441 | D:6      | Noticed a gargoyle
  5981 | D:7      | Noticed a hornet
  5989 | D:7      | Killed a hornet
  5990 | D:7      | Reached skill level 5 in Earth Magic
  6038 | D:7      | Found a staircase to the Ecumenical Temple.
  6051 | Temple   | Entered the Ecumenical Temple
  6059 | D:7      | Identified the amulet of Dociupor {RegenMP Harm rElec rC-}
  6398 | D:5      | Became a worshipper of Kikubaaqudgha
  6835 | D:7      | Found a shadowy altar of Dithmenos.
  6851 | D:7      | Gained mutation: You are mostly covered in slimy green
                  | scales. (AC +3) [demonic ancestry]
  6851 | D:7      | Reached XP level 9. HP: 41/57 MP: 15/19
  6857 | D:7      | Learned a level 5 spell: Borgnjor's Vile Clutch
  7687 | D:8      | Identified the ring of Buveox {rCorr Dex+6}
  7982 | D:8      | Found a sparkling altar of Nemelex Xobeh.
  8063 | D:8      | Found a staircase to the Lair.
  8102 | D:8      | Found an ancient bone altar of Kikubaaqudgha.
  8104 | D:8      | Found a shimmering altar of Xom.
  8104 | D:8      | Found a hide-covered altar of Uskayaw.
  8106 | D:8      | Found a shadowy altar of Dithmenos.
  8106 | D:8      | Found a shimmering blue altar of Sif Muna.
  8106 | D:8      | Found a shimmering blue altar of Sif Muna.
  8158 | D:8      | Noticed a cyclops
  8168 | D:8      | Killed a cyclops
  8245 | D:8      | Noticed a two-headed ogre
  8261 | D:8      | Killed a two-headed ogre
  8262 | D:8      | Reached skill level 10 in Necromancy
  8270 | D:8      | Reached * piety under Kikubaaqudgha
  8270 | D:8      | Received a gift from Kikubaaqudgha
  8271 | D:8      | Reached XP level 10. HP: 57/63 MP: 0/22
  8353 | D:8      | Noticed a cyclops
  8363 | D:8      | Killed a cyclops
  8563 | D:8      | Found a bloodstained altar of Trog.
  8609 | D:8      | Noticed a two-headed ogre
  8619 | D:8      | Killed a two-headed ogre
  8711 | Lair:1   | Entered Level 1 of the Lair of Beasts
  8728 | Lair:1   | Noticed a cane toad
  8745 | Lair:1   | Killed a cane toad
  8843 | Lair:1   | Noticed a cane toad
  9319 | Lair:1   | Reached skill level 10 in Spellcasting
  9532 | Lair:1   | Noticed Gastronok
  9594 | Lair:1   | Killed Gastronok
  9595 | Lair:1   | Reached skill level 10 in Earth Magic
  9595 | Lair:1   | Reached skill level 1 in Fighting
  9595 | Lair:1   | Reached XP level 11. HP: 46/70 MP: 4/25
 10912 | Lair:2   | Reached skill level 5 in Dodging
 11032 | Lair:2   | Reached skill level 5 in Fighting
 11455 | Lair:3   | Noticed a six-headed hydra
 11466 | Lair:3   | Killed a six-headed hydra
 11570 | Lair:3   | Noticed a six-headed hydra
 11570 | Lair:3   | Found a staircase to the Swamp.
 12220 | Lair:3   | Noticed an eight-headed hydra
 12370 | Lair:2   | Slain by a six-headed hydra

Illustrated notes

Levels and vault maps discovered:
D:1:      shiori_arrival_elements, layout_basic, dk_noncrumbling_2
D:2:      layout_basic
D:3:      layout_rooms, amcnicky_altar_gilded,
          wander_ebering_terrifying_dragon_lair
D:4:      layout_loops_ring
D:5:      layout_rooms, nicolae_kikubaaqudgha_miasma_corner, eino_tiny_chamber,
          nicolae_concentric_dashed_squares_mild, uniq_grinder,
          uniq_blork_the_orc, uniq_duvessa, uniq_prince_ribbit1
D:6:      layout_basic, makhleb_altar_promises_db, lemuel_round_altar,
          kennysheep_generic_room_14
D:7:      layout_loops_corners, lemuel_round_altar, minmay_temple_entry_glass,
          minmay_fractal_squares_gapless_5
D:8:      layout_rooms, kennysheep_mini_moat, lightli_temple_of_fire,
          doesnt_xom_only_xom, lightli_ossuary_entry_decrepit_ruins,
          minmay_misc_feat_secret_circle, hellmonk_guarded_unrand_dark_maul
D:9:      dragon1_lemuel, layout_loops_ring, serial_aquarium,
          aquarium_bridge_long_separate [aquarium_subvault_wall,
          aquarium_subvault_bridge, aquarium_subvault_wall,
          aquarium_subvault_bridge, aquarium_subvault_bridge,
          aquarium_subvault_balcony], aquarium_window_fake,
          aquarium_window_fake, aquarium_window_2, aquarium_view_4,
          aquarium_view_2f
Temple:   eino_temple_water
Lair:1:   layout_cellular_growth, serial_bayou_shore_b, grunt_megastairs_4,
          uniq_gastronok
Lair:2:   layout_big_grid, minivault_19
Lair:3:   layout_misc_corridors, minmay_swamp_entry_reptiles,
          spider_nest_entry_webs, enter_volcano_3,
          portal_ice_cave_entry_ice_simulacra, beast_lair_carwin_8,
          infiniplex_staircase_pool

Skill      XL: |  1  2  3  4  5  6  7  8  9 10 11 |
---------------+----------------------------------+-----
Necromancy     | 5 6 7 8 10 | 10.0
Spellcasting   | 3 4 5 6 8 10 | 10.0
Earth Magic    | 1 2 3 4 5 7 10 | 10.0
Fighting       | 1 6 |  6.4
Dodging        | 2 6 |  6.2
Stealth        | |  1.7

Action                   |  1- 3 |  4- 6 |  7- 9 | 10-12 || total
-------------------------+-------+-------+-------+-------++-------
Melee: Unarmed           |    11 |       |       |       ||    11
       Short sword       |    37 |    52 |    87 |    36 ||   212
       Tailslap          |     2 |     4 |    15 |     3 ||    24
       Punch             |       |       |       |     1 ||     1
 Cast: Necrotise         |    43 |    23 |    49 |     8 ||   123
       Vampiric Draining |       |    14 |    52 |    10 ||    76
       Borgnjor's Vile C |       |       |    11 |    79 ||    90
Evoke: Wand              |       |    14 |       |    11 ||    25
  Use: Potion            |     1 |       |       |       ||     1
       Scroll            |       |    14 |     5 |     2 ||    21
 Stab: Sleeping          |       |     3 |       |     1 ||     4
Armor: Robe              |     2 |       |       |       ||     2
       Leather armour    |    20 |    24 |    43 |    24 ||   111
Dodge: Dodged            |    32 |    51 |    73 |    51 ||   207

Table legend: (Time is in decaauts)
 A = Elapsed time spent in this place.
 B = Non-inter-level travel time spent in this place.
 C = Inter-level travel time spent in this place.
 D = Time resting spent in this place.
 E = Time spent auto-exploring this place.
 F = Levels seen in this place.
 G = Mean time per level.
                   A        B        C        D        E       F      G
               +--------+--------+--------+--------+--------+-----+--------+
         Total |  12378 |  11031 |   1347 |    373 |   8746 |  13 |  952.2 |
       Dungeon |   8822 |   8060 |    762 |    373 |   6219 |   9 |  980.2 |
        Temple |    196 |    184 |     12 |      0 |    166 |   1 |  196.0 |
          Lair |   3359 |   2786 |    573 |      0 |   2361 |   3 | 1119.7 |
               +--------+--------+--------+--------+--------+-----+--------+

Top non-repeatable levels by time:
  Lair:2: 1945 daAuts
     D:7: 1458 daAuts
  Lair:1: 1375 daAuts
     D:5: 1302 daAuts
     D:4: 1289 daAuts
     D:8: 1214 daAuts
     D:6: 1082 daAuts
     D:1: 852 daAuts
     D:2: 830 daAuts
     D:3: 779 daAuts
  Temple: 196 daAuts
  Lair:3: 37 daAuts
     D:9: 12 daAuts
